 Dungeon Crawl Stone Soup version 0.29.1-1-gd02db6906a (webtiles) character file.

Game seed: 12724510160152460330

21 smilodon the Caller (level 2, -4/15 HPs)
             Began as a Deep Elf Summoner on Oct 2, 2022.
             Killed from afar by a dart slug (6 damage)
             ... with a slug dart
             ... on level 1 of the Dungeon.
             The game lasted 00:01:55 (417 turns).

smilodon the Caller (Deep Elf Summoner)              Turns: 417, Time: 00:01:57

Health: -4/15      AC:  2    Str:  5    XL:     2   Next: 65%
Magic:  4/8        EV: 13    Int: 19    God:
Gold:   5          SH:  0    Dex: 15    Spells: 6/7 levels left

rFire   . . .      SeeInvis .   c - +0 mace
rCold   . . .      Faith    .   (no shield)
rNeg    . . .      Spirit   .   a - +0 robe
rPois   .          Reflect  .   (no helmet)
rElec   .          Harm     .   (no cloak)
rCorr   .          Rampage  .   (no gloves)
Will    .....                   (no boots)
Stlth   ++........              (no amulet)
HPRegen 0.05/turn               (no ring)
MPRegen 0.11/turn               (no ring)

@: no status effects
A: no striking features
a: no special abilities


You were on level 1 of the Dungeon.
You visited 1 branch of the dungeon, and saw 1 of its levels.

You collected 5 gold pieces.

Inventory:

Hand Weapons
 c - a +0 mace (weapon)
Armour
 a - a +0 robe (worn)
Scrolls
 d - 2 scrolls of identify {unknown}


   Skills:
 + Level 2.9 Dodging
 - Level 3.0 Stealth
 + Level 3.4 Spellcasting
 + Level 4.6 Summonings


You had 6 spell levels left.
You knew the following spells:

 Your Spells              Type           Power      Damage    Failure   Level
a - Summon Small Mammal   Summ           80%        N/A       2%          1

Your spell library contained the following spells:

 Spells                   Type           Power      Damage    Failure   Level
 Call Imp                 Summ           20%        N/A       3%          2
 Call Canine Familiar     Summ           20%        N/A       6%          3
 Summon Guardian Golem    Hex/Summ       12%        N/A       17%         3
 Summon Lightning Spire   Summ/Air       12%        N/A       50%         4


Dungeon Overview and Level Annotations

Branches:
Dungeon (1/15)

Altars:


Message History

Your quokka barely misses the jackal.
Casting: Summon Small Mammal (safe; 2% risk of failure)
Confirm with . or Enter, or press ? or * to list all spells.
Your rat disappears in a puff of smoke!
The jackal bites your quokka.
Your quokka bites the jackal but does no damage.
The jackal misses your quokka.
Your bat closely misses the jackal.
Your quokka barely misses the jackal.
Your bat hits the jackal but does no damage.
The jackal bites your quokka but does no damage.
Your quokka closely misses the jackal.
The jackal closely misses your quokka.
Casting: Summon Small Mammal (safe; 2% risk of failure)
Confirm with . or Enter, or press ? or * to list all spells.
Your bat disappears in a puff of smoke!
The jackal misses your quokka.
Your quokka misses the jackal. The jackal closely misses your quokka.
The jackal bites your quokka.
Your quokka closely misses the jackal.
The dart slug barely misses your quokka.
The jackal misses your quokka.
Your bat closely misses the jackal.
The jackal bites your quokka.
Your quokka dies!
Your quokka's corpse disappears in a puff of smoke!
Your bat barely misses the jackal.
The jackal bites your bat.
Casting: Summon Small Mammal (safe; 2% risk of failure)
Confirm with . or Enter, or press ? or * to list all spells.
Your bat hits the jackal but does no damage.
The jackal bites your bat.
Your bat dies!
Your bat's corpse disappears in a puff of smoke!
Casting: Summon Small Mammal (safe; 2% risk of failure)
Confirm with . or Enter, or press ? or * to list all spells.
The jackal closely misses your quokka. The jackal barely misses your quokka.
Your quokka bites the jackal but does no damage.
The jackal bites your quokka but does no damage.
The jackal closely misses your quokka.
Your quokka bites the jackal.
The jackal dies!
The jackal misses your quokka. The dart slug launches a dart at you.
The slug dart hits you.
You die...

#........#≈≈≈#........##
#..†#######≈#######..># #...#
##.......## #...# #
##..h###.........###...###.#
#....##...........##.......#
##.#..#.............#..##...#
##....##.............##..#...#
#....#.#.hr..r.......#.#.....#
#...#...w†...@<......)..#..#..
#....#.#.............#.#..##..
##....##.............##.......
####..#.............#..####..
#..##.[.........##..# #..
#..###.........###..# #.. #..#
##.......## #..# #..
#..#######≈#######..# ###
#.......#≈≈≈#.......#


You could see a dart slug, a jackal (distracted, ally target) and 2 friendly
quokkas.

Vanquished Creatures
  A jackal (D:1)
  A bat (D:1)
2 creatures vanquished.

Vanquished Creatures (collateral kills)
  A gnoll (D:1)
  2 endoplasms (D:1)
  A goblin (D:1)
  A jackal (D:1)
  2 kobolds (D:1)
  A frilled lizard (D:1)
  4 rats (D:1)
12 creatures vanquished.

Grand Total: 14 creatures vanquished

Notes
Turn   | Place    | Note
-------+----------+-------------------------------------------
     0 | D:1      | smilodon the Deep Elf Summoner began the quest for the Orb.
     0 | D:1      | Reached XP level 1. HP: 10/10 MP: 6/6
    55 | D:1      | Reached XP level 2. HP: 15/15 MP: 6/8
   326 | D:1      | Found a faded altar of an unknown god.
   417 | D:1      | Killed from afar by a dart slug

Illustrated notes

Levels and vault maps discovered:
D:1:      psy_arrival_dodecagon, layout_basic, basic_ecumenical_altar,
          serial_park_tiny_2, corexii_leaking_fountain

Skill      XL: |  1  2 |
---------------+-------+-----
Stealth        | 3 |  3.0
Dodging        | |  2.9
Spellcasting   | |  3.4
Summonings     | |  4.6

Action                   || total
-------------------------++-------
Melee: Mace              ||     5
 Cast: Summon Small Mamm ||    26
  Use: Potion            ||     1
Armor: Robe              ||     5
Dodge: Dodged            ||    19
